 Dungeon Crawl Stone Soup version 0.18-a0-775-g4d9e04e (webtiles) character file.

543 cluie the Insei (level 7, -7/52 HPs)
             Began as a Demonspawn Transmuter on Dec 13, 2015.
             Mangled by Sigmund
             ... wielding a +0 scythe
              (9 damage)
             ... on level 3 of the Dungeon.
             The game lasted 00:10:28 (4926 turns).

cluie the Insei (Demonspawn Transmuter)             Turns: 4926, Time: 00:10:28

Health: -7/52      AC:  8    Str: 12    XL:     7   Next: 6%
Magic:  0/10       EV: 14    Int: 14    God:
Gold:   202        SH:  0    Dex: 14    Spells: 3 memorised, 2 levels left

rFire  + . .     SeeInvis .       - Unarmed
rCold  . . .     Clarity  .     b - +0 robe
rNeg   . . .     SustAt   .     (no shield)
rPois  .         Gourm    .     g - +0 helmet
rElec  .         Spirit   +     (no cloak)
rCorr  .         Dismiss  .     (no gloves)
rMut   .         Stasis   .     e - +0 pair of boots
MR     .....                    k - amulet of guardian spirit
Stlth  +++.......               m - ring of protection from fire
                                p - ring of stealth

@: not resistant to hostile enchantments, fairly stealthy
A: iridescent scales 1, demonic guardian 1, nightstalker 1
a: no special abilities


You were on level 3 of the Dungeon.
You were not hungry.

You visited 2 branches of the dungeon, and saw 6 of its levels.

You collected 202 gold pieces.

Inventory:

Hand Weapons
 q - a +0 blowgun
Missiles
 a - 16 arrows
 t - 12 poisoned needles
Armour
 b - a +0 robe (worn)
 e - a +0 pair of boots (worn)
 g - a +0 helmet (worn)
Jewellery
 k - an amulet of guardian spirit (around neck)
 m - a ring of protection from fire (right hand)
 p - a ring of stealth (left hand)
 s - an uncursed amulet of faith
Wands
 o - a wand of cold (3)
 v - a wand of random effects (0)
Potions
 h - a potion of degeneration
 i - a potion of cancellation
 j - 3 potions of brilliance
 n - a potion of mutation
 r - a potion of heal wounds {unknown}
 w - 2 potions of curing {unknown}
Books
 c - a book of Changes

   Spells                             Type                      Level
   a - Beastly Appendage              Transmutation                1
   b - Sticks to Snakes               Transmutation                2
   c - Spider Form                    Transmutation/Poison         3
   d - Ice Form                       Ice/Transmutation            4
   e - Blade Hands                    Transmutation                5
Comestibles
 d - 9 bread rations
 f - 3 meat rations
 l - 3 fruits
 u - a slice of pizza


   Skills:
 + Level 3.4 Fighting
 * Level 4.6 Dodging
 * Level 4.9 Unarmed Combat
 - Level 2.0 Spellcasting
 - Level 1.7 Transmutations


You had 2 spell levels left.
You knew the following spells:

 Your Spells              Type           Power        Failure   Level  Hunger
a - Beastly Appendage     Trmt           #.....       14%         1    ##.....
b - Sticks to Snakes      Trmt           #.......     21%         2    ###....
c - Blade Hands           Trmt           #.........   100%        5    ######.


Dungeon Overview and Level Annotations

Branches:
Dungeon (5/15)             Temple (1/1) D:5

Altars:
Cheibriados
Dithmenos
Elyvilon
Fedhas
Gozag
Okawaru
Qazlal
Trog
Vehumet
Xom
Yredelemnul
Zin

Annotations:
D:3 Sigmund


Innate Abilities, Weirdness & Mutations

You are partially covered in iridescent scales (AC +4).
A weak demonic guardian rushes to your aid.
You are slightly more attuned to the shadows.


Message History

Unknown command.
You hit something but do no damage. Something hits you!
* * * LOW HITPOINT WARNING * * *
Unknown command.
You miss something.
Unknown command.
You miss something.
You hear some strange, mumbled words.
A puff of flame appears from out of thin air!
The puff of flame hits you!
Your magical contamination has completely faded away.
Unknown command.
You miss something.
You hear some strange, mumbled words.
A puff of flame appears from out of thin air!
The puff of flame hits you! You resist.
* * * LOW HITPOINT WARNING * * *
Unknown command.
You hit something. Something hits you!
You die...

###########....#.#######.########
.......####..#.#.# #.#.......
#..###.#.....#.#.#######.#.......
...# #.#.##.##...................
#..###.#.....[)..##...##.#.......
#......#....#....##...##.#.......
######.#..#.#)##.##......#.......
#.#....#.##......####.......
#)#........@...#.####.......
###.#...##########....#.......
#........# #.##.#.......
#.###.#..# #.##.#.......
#.#......# #....#.......
#.)...##.# #.###########
###.####.# #.# #.# #.# ### #†#
#.#


There were no monsters in sight!

Vanquished Creatures
  A scorpion (D:4)
  A jelly (D:4)
  A worker ant (D:5)
  Jessica (D:3)
  4 orc wizards
  A hound skeleton (D:4)
  3 adders
  An ooze (D:4)
  2 worms (D:4)
  2 giant geckos
  21 orcs
  3 bats
  4 hobgoblins
  10 jackals
  6 kobolds
  3 quokkas
  3 giant cockroaches
  8 giant newts
  11 goblins
  A jackal skeleton (D:4)
  40 rats
127 creatures vanquished.

Vanquished Creatures (collateral kills)
  Grinder (D:3)
  Ijyb (D:2)
  3 worms
  An orc (D:3)
  A giant newt (D:2)
  A quokka (D:3)
8 creatures vanquished.

Grand Total: 135 creatures vanquished

Notes
Turn   | Place    | Note
--------------------------------------------------------------
     0 | D:1      | cluie the Demonspawn Transmuter began the quest for the Orb.
     0 | D:1      | Reached XP level 1. HP: 15/15 MP: 3/3
   388 | D:1      | Gained mutation: You are slightly more attuned to the shadows. [demonic ancestry]
   388 | D:1      | Reached XP level 2. HP: 18/21 MP: 5/5
   607 | D:1      | Reached skill level 3 in Unarmed Combat
   836 | D:2      | Learned a level 2 spell: Sticks to Snakes
   856 | D:2      | wait what
   856 | D:2      | a mocassin?
   856 | D:2      | neat
   907 | D:2      | Reached XP level 3. HP: 24/26 MP: 6/6
  1497 | D:2      | Gained mutation: You are partially covered in iridescent scales (AC +4). [demonic ancestry]
  1497 | D:2      | Reached XP level 4. HP: 26/33 MP: 7/7
  1648 | D:3      | Noticed Jessica
  1654 | D:3      | Killed Jessica
  1953 | D:3      | Noticed Sigmund
  2261 | D:3      | Gained mutation: A weak demonic guardian rushes to your aid. [demonic ancestry]
  2261 | D:3      | Reached XP level 5. HP: 8/39 MP: 2/8
  2569 | D:3      | Noticed Ijyb
  2571 | D:3      | Noticed Grinder
  2575 | D:3      | sigmund, grinder and i think jessica here
  2575 | D:3      | and ijyb
  2575 | D:3      | Ijyb came too.
  2625 | D:2      | Killed Ijyb
  2628 | D:2      | SNAAAAKE EATERRR
  2904 | D:3      | Killed Grinder
  2904 | D:3      | Reached skill level 4 in Dodging
  2904 | D:3      | Reached XP level 6. HP: 26/47 MP: 3/9
  3593 | D:4      | Learned a level 5 spell: Blade Hands
  3708 | D:4      | fucker
  3794 | D:4      | luck af
  3794 | D:4      | wasted everything to try and kill one wizard
  3794 | D:4      | still win
  4049 | D:4      | Reached XP level 7. HP: 52/52 MP: 10/10
  4416 | D:5      | Entered Level 5 of the Dungeon
  4566 | D:5      | Found a staircase to the Ecumenical Temple.
  4606 | Temple   | Entered the Ecumenical Temple
  4922 | D:3      | HP: 2/52 [something (8)]
  4926 | D:3      | Mangled by Sigmund

Vault maps used:
D:1:      dpeg_arrival_court, minmay_misc_feat_iff
D:2:      minmay_stone_trees_small, minmay_rats_cheesy_pizza
D:3:      uniq_sigmund, uniq_iyjb, uniq_jessica, uniq_grinder
D:4:      first_bread
D:5:      minmay_temple_entry_grid, vehumet_altar_wand_db
Temple:   chambers_temple_12

Action                   |  1- 3 |  4- 6 |  7- 9 || total
-------------------------+-------+-------+-------++-------
Melee: Unarmed           |   175 |   391 |    62 ||   628
 Cast: Beastly Appendage |     1 |     3 |       ||     4
       Sticks to Snakes  |     2 |     8 |     3 ||    13
Evoke: Wand              |       |     6 |       ||     6
  Use: Scroll            |       |    11 |       ||    11
       Potion            |       |     2 |       ||     2
 Stab: Sleeping          |     8 |     9 |     1 ||    18
       Distracted        |       |     4 |       ||     4
  Eat: Chunk             |     2 |     9 |       ||    11
       Meat ration       |       |       |     1 ||     1
       Fruit             |       |       |     1 ||     1
